 Dungeon Crawl Stone Soup version 0.28-a0-697-g47f3eba078 (webtiles) character file.

Game seed: 1326851947026925369

1698 jasper the Carver (level 8, -3/54 HPs)
             Began as a Demonspawn Artificer on Oct 24, 2021.
             Was an Initiate of Trog.
             Slain by an unseen horror (7 damage)
             ... on level 7 of the Dungeon.
             The game lasted 00:12:19 (6956 turns).

jasper the Carver (Demonspawn Artificer)            Turns: 6956, Time: 00:12:20

Health: -3/54      AC: 12    Str: 14    XL:     8   Next: 72%
Magic:  8/8        EV:  9    Int: 13    God:    Trog [......]
Gold:   230        SH:  0    Dex: 20    Spells: 7/7 levels left

rFire   + . .      SeeInvis .   y - +3 scimitar "Biugox" {vorpal, *Slow Dex+6}
rCold   . . .      Faith    .   (no shield)
rNeg    . . .      Spirit   .   l - +0 scale mail
rPois   .          Reflect  .   g - +0 helmet
rElec   .          Harm     .   r - +0 cloak
rCorr   .          Rampage  .   z - +1 pair of gloves
Will    +....                   (no boots)
Stlth   +.........              (no amulet)
HPRegen 0.18/turn               v - ring of protection from fire
MPRegen 0.11/turn               q - ring of willpower

@: no status effects
A: slimy green scales 1, foul stench 1, powered by death 1, demonic touch 1
a: Renounce Religion


You were on level 7 of the Dungeon.
You worshipped Trog.
Trog was noncommittal.
You visited 2 branches of the dungeon, and saw 8 of its levels.

You collected 230 gold pieces.

Inventory:

Hand Weapons
 a - a +0 club
 j - a +1 short sword
 s - a +0 hunting sling
 y - the +3 scimitar "Biugox" (weapon) {vorpal, *Slow Dex+6}
   (You acquired it on level 6 of the Dungeon)

   It inflicts extra damage upon your enemies.
   Dex:       It affects your dexterity (+6).
   *Slow:     It may slow you when you take damage.
 D - a +5 great sword of freezing
Missiles
 h - 180 stones (quivered)
 k - 51 bolts
 F - a throwing net
Armour
 b - a +0 leather armour
 f - a +0 chain mail
 g - a +0 helmet (worn)
 i - a +0 ring mail
 l - a +0 scale mail (worn)
 r - a +0 cloak (worn)
 z - a +1 pair of gloves (worn)
Jewellery
 c - a ring of wizardry
 q - a ring of willpower (right hand)
 v - a ring of protection from fire (left hand)
Wands
 d - a wand of charming (2)
 t - a wand of polymorph (8)
 C - a wand of mindburst (4)
Scrolls
 p - a scroll of enchant weapon
 u - a scroll of immolation {unknown}
 x - a scroll of identify
 E - a scroll of magic mapping
Potions
 m - a potion of resistance
 n - 2 potions of heal wounds
 o - 3 potions of mutation
 w - 2 potions of attraction
 A - a potion of haste
 B - a potion of flight
Miscellaneous
 e - a piece from Xom's chessboard (15/15)


   Skills:
 - Level 1.3 Fighting
 + Level 10.0 Long Blades
 - Level 2.0 Armour
 - Level 1.2 Dodging
 - Level 0.8 Stealth
 - Level 3.1 Evocations


You had 7 spell levels left.
You didn't know any spells.
Your spell library was empty.

Dungeon Overview and Level Annotations

Branches:
Dungeon (7/15)             Temple (1/1) D:6

Altars:
Ashenzari
Cheibriados
Elyvilon
Fedhas
Gozag
Hepliaklqana
Kikubaaqudgha
Nemelex Xobeh
Okawaru
Qazlal
Ru
Sif Muna
Trog
Uskayaw
Wu Jian
Yredelemnul
Zin
The Shining One

Shops:
D:1 [

Annotations:
D:5 Grinder


Innate Abilities, Weirdness & Mutations

You are partially covered in slimy green scales. (AC +2)
You may rarely emit foul miasma when damaged in melee.
You regenerate a little health from kills.
Your touch may inflict minor irresistible damage on your foes.


Message History

You closely miss something.
You touch something.
Something hits you. Something hits you but does no damage.
You take 2 damage, and have 47/54 hp.
You swing at nothing.
Something hits you but does no damage.
You completely miss something. Your touch misses something. Something hits you.
You feel yourself slow down.
You take 4 damage, and have 43/54 hp.
You hit something.
You touch something.
Something hits you but does no damage.
You swing at nothing.
Something hits you.
You take 5 damage, and have 39/54 hp.
You barely miss something. Something hits you but does no damage.
You swing at nothing.
Something hits you.
You take 2 damage, and have 37/54 hp.
You swing at nothing.
Something hits you but does no damage.
You swing at nothing.
Something hits you but does no damage. Something hits you.
You take 4 damage, and have 34/54 hp.
You closely miss something.
You touch something.
Something hits you.
You take 4 damage, and have 30/54 hp.
You miss something.
Something hits you but does no damage. x3
Something hits you.
You take 3 damage, and have 27/54 hp.
You hit something but do no damage. Something hits you. x2
You emit a cloud of foul miasma!
You take 6 damage, and have 21/54 hp.
You swing at nothing.
You swing at nothing.
You feel yourself speed up.
You swing at nothing.
You swing at nothing.
You swing at nothing.
You swing at nothing.
You swing at nothing.
Something hits you. Something hits you!
* * * LOW HITPOINT WARNING * * *
You take 10 damage, and have 12/54 hp.
You miss something. Something hits you!
* * * LOW HITPOINT WARNING * * *
You take 8 damage, and have 4/54 hp.
You slash something! Something hits you but does no damage. Something hits you!
You die...

##....#..........#......#...#.#..
#....+.....#....#......#.#.#)+..
##....#.##................#.#.#..
.........+...............##.#.##'
......#+##..............#........
..........#'#.###.......#.#.#.#..
..........#.#...............#+##.
..........#.######.###.........#.
...............#@................
######.........###.###...........
######.........###.###...........
...........................<.....
.######..........................
.### #.#......###........######.
...# #.#......# #.##..##.# #.
.######.######## #........# #.
........# #.###.##.# #.


There were no monsters in sight!

Vanquished Creatures
  Menkaure (D:6)
  A steam dragon (D:7)
  2 water moccasins (D:7)
  A sky beast (D:4)
  An ice beast (D:7)
  2 ogres
  A centaur (D:5)
  A wyvern zombie (D:7)
  3 wights (D:7)
  An electric eel (D:6)
  A gnoll shaman (D:7)
  An orc priest (D:6)
  2 scorpion zombies (D:5)
  2 iguanas
  2 killer bee zombies (D:7)
  A howler monkey zombie (D:6)
  4 gnolls (D:7)
  5 adders
  A worm (D:2)
  A dart slug (D:3)
  8 orcs
  3 ball pythons (D:1)
  6 endoplasms
  3 giant cockroaches
  5 goblins
  8 hobgoblins
  9 jackals (D:3)
  2 quokkas
  2 bats (D:1)
  3 frilled lizards
  6 kobolds
  9 rats
98 creatures vanquished.

Vanquished Creatures (collateral kills)
  A centaur (D:6)
  A bullfrog (D:6)
  Ijyb (D:4)
  An iguana (D:6)
  2 orcs (D:6)
6 creatures vanquished.

Vanquished Creatures (others)
  A wyvern zombie (D:6)
  A worm (D:4)
  11 plants
13 creatures vanquished.

Grand Total: 117 creatures vanquished

Notes
Turn   | Place    | Note
-------+----------+-------------------------------------------
     0 | D:1      | jasper the Demonspawn Artificer began the quest for the
                  | Orb.
     0 | D:1      | Reached XP level 1. HP: 15/15 MP: 1/1
    40 | D:1      | Reached skill level 1 in Dodging
   164 | D:1      | Gained mutation: Your touch may inflict minor irresistible
                  | damage on your foes. [demonic ancestry]
   164 | D:1      | Reached XP level 2. HP: 20/21 MP: 2/2
   329 | D:1      | Found a faded altar of an unknown god.
   428 | D:1      | Reached skill level 1 in Long Blades
  1052 | D:1      | Reached XP level 3. HP: 26/26 MP: 3/3
  1077 | D:1      | Found Kidwotsi's Antique Armour Emporium.
  1198 | D:2      | Reached skill level 2 in Long Blades
  2127 | D:2      | Gained mutation: You are partially covered in slimy green
                  | scales. (AC +2) [demonic ancestry]
  2127 | D:2      | Reached XP level 4. HP: 32/32 MP: 4/4
  2233 | D:3      | Reached skill level 3 in Long Blades
  3094 | D:4      | Noticed Ijyb
  3115 | D:4      | Killed Ijyb
  3135 | D:4      | Killed a sky beast
  3136 | D:4      | Reached skill level 4 in Long Blades
  3136 | D:4      | Gained mutation: You may rarely emit foul miasma when
                  | damaged in melee. [demonic ancestry]
  3136 | D:4      | Reached XP level 5. HP: 37/37 MP: 5/5
  3157 | D:4      | You fall into a shaft and drop 1 floor!
  3157 | D:5      | Entered Level 5 of the Dungeon
  3319 | D:4      | Noticed a black bear
  3484 | D:5      | Reached skill level 5 in Long Blades
  3484 | D:5      | Gained mutation: You regenerate a little health from kills.
                  | [demonic ancestry]
  3484 | D:5      | Reached XP level 6. HP: 43/43 MP: 6/6
  3515 | D:5      | Noticed Grinder
  3517 | D:5      | Noticed Grinder
  3517 | D:5      | Grinder changed into Grinder the chaos spawn
  3518 | D:5      | Noticed Grinder
  3518 | D:5      | Grinder the chaos spawn changed into Grinder the hellwing
  3720 | D:6      | Found a staircase to the Ecumenical Temple.
  3737 | D:6      | Reached skill level 6 in Long Blades
  3746 | Temple   | Entered the Ecumenical Temple
  4063 | Temple   | Became a worshipper of Trog the Wrathful
  4406 | D:6      | Reached XP level 7. HP: 46/48 MP: 7/7
  4450 | D:6      | Noticed Menkaure
  4540 | D:6      | Identified a scroll of acquirement
  4540 | D:6      | Acquired the +3 scimitar "Biugox" {vorpal, *Slow Dex+6}
  4547 | D:6      | Killed Menkaure
  4548 | D:6      | Reached skill level 7 in Long Blades
  4678 | D:6      | Found a broken altar of Ashenzari.
  4681 | D:6      | Found a stormy altar of Qazlal.
  4699 | D:6      | Found an ancient bone altar of Kikubaaqudgha.
  5349 | D:7      | Reached skill level 8 in Long Blades
  5902 | D:7      | Noticed a steam dragon
  5904 | D:7      | Killed a steam dragon
  5905 | D:7      | Reached XP level 8. HP: 54/54 MP: 8/8
  6215 | D:7      | Reached skill level 9 in Long Blades
  6891 | D:7      | Reached skill level 10 in Long Blades
  6956 | D:7      | Slain by an unseen horror

Illustrated notes

Levels and vault maps discovered:
D:1:      lightli_arrival_lavapool, layout_basic, serial_shops,
          nicolae_lakefront_shop, basic_ecumenical_altar
D:2:      layout_basic, dk_noncrumbling_2, minmay_hexomino_p4
D:3:      layout_basic
D:4:      layout_basic, dk_noncrumbling_3, serial_bayou_pond_c,
          dk_rats_in_the_wall, uniq_ijyb
D:5:      layout_loops_corners, serial_shops, nicolae_shop_stone,
          gammafunk_ghost_gnarly_gnolls, uniq_grinder, uniq_sigmund
D:6:      layout_rooms, grunt_temple_overflow_cloverleaf,
          minmay_temple_entry_statues_fountains, serial_bayou_ford_a,
          uniq_menkaure
D:7:      layout_basic, minmay_misc_feat_x, grunt_ogre_cave
Temple:   jpeg_temple_clearing

Skill      XL: |  1  2  3  4  5  6  7  8 |
---------------+-------------------------+-----
Dodging        | 1 |  1.2
Armour         | 2 |  2.0
Long Blades    | 1 2 4 5 6 8 10 | 10.0
Fighting       | |  1.3
Stealth        | |  0.8
Evocations     | |  3.1

Action                   |  1- 3 |  4- 6 |  7- 9 || total
-------------------------+-------+-------+-------++-------
Melee: Club              |    20 |     1 |       ||    21
       Short sword       |    74 |   126 |     4 ||   204
       Touch             |    13 |    26 |    15 ||    54
       Scimitar          |       |       |    62 ||    62
 Fire: Hunting sling     |       |    32 |       ||    32
Throw: Stone             |    54 |     3 |     7 ||    64
Evoke: Wand              |    15 |    12 |    16 ||    43
       Piece from Xom's  |     1 |     1 |       ||     2
  Use: Scroll            |     6 |     2 |     6 ||    14
       Potion            |       |     2 |       ||     2
 Stab: Petrified         |       |     2 |       ||     2
       Betrayed ally     |       |       |     1 ||     1
Armor: Chain mail        |    12 |       |       ||    12
       Ring mail         |    10 |       |       ||    10
       Scale mail        |    24 |    71 |    37 ||   132
Dodge: Dodged            |    39 |    69 |    18 ||   126

Table legend: (Time is in decaauts)
 A = Elapsed time spent in this place.
 B = Non-inter-level travel time spent in this place.
 C = Inter-level travel time spent in this place.
 D = Time resting spent in this place.
 E = Time spent auto-exploring this place.
 F = Levels seen in this place.
 G = Mean time per level.
                   A        B        C        D        E       F      G
               +--------+--------+--------+--------+--------+-----+--------+
         Total |   6963 |   6704 |    259 |   1608 |   3896 |   8 |  870.4 |
       Dungeon |   6353 |   6136 |    217 |   1325 |   3634 |   7 |  907.6 |
        Temple |    610 |    568 |     42 |    283 |    262 |   1 |  610.0 |
               +--------+--------+--------+--------+--------+-----+--------+

Top non-repeatable levels by time:
     D:7: 1562 daAuts
     D:1: 1135 daAuts
     D:6: 1062 daAuts
     D:3: 1057 daAuts
     D:2: 901 daAuts
  Temple: 610 daAuts
     D:5: 364 daAuts
     D:4: 269 daAuts
